 Dungeon Crawl Stone Soup version 0.30.0-19-g36f170ea60 (webtiles) character file.

Game seed: 13917400687581213080

3215 ChrisAssaf the Covert (level 9, 0/79 HPs)
             Began as a Naga Brigand on May 27, 2023.
             Was a Believer of Nemelex Xobeh.
             Slain by a killer bee (7 damage)
             ... on level 8 of the Dungeon on May 29, 2023.
             The game lasted 00:24:43 (6453 turns).

ChrisAssaf the Covert (Naga Brigand)                Turns: 6453, Time: 00:24:44

Health: 0/79       AC:  6    Str: 14    XL:     9   Next: 97%
Magic:  13/13      EV: 11    Int: 15    God:    Nemelex Xobeh [**....]
Gold:   301        SH:  0    Dex: 13    Spells: 11/14 levels left

rFire   x . .        B - +3 dagger (venom)
rCold   + . .        (no shield)
rNeg    . . .        b - +1 robe
rPois   +            (no helmet)
rElec   .            c - +0 cloak
rCorr   .            (no gloves)
SInv    +            (no barding)
Will    ++...        (no amulet)
Stlth   +++++        h - ring of willpower
HPRegen 0.33/turn    s - ring of ice
MPRegen 0.13/turn

%: no passive effects
@: short of breath, very slow
A: AC +3, large, see invisible, deformed body, poison resistance, slowness 2,
spit poison 1, naga tail 1, screaming 1
a: Spit Poison, Renounce Religion, Draw Escape, Draw Destruction, Draw Summoning


You were on level 8 of the Dungeon.
You worshipped Nemelex Xobeh.
Nemelex Xobeh was pleased with you.
You visited 1 branch of the dungeon, and saw 8 of its levels.

You collected 301 gold pieces.

Inventory:

Hand Weapons
 a - a +2 dagger of freezing
 B - a +3 dagger of venom (weapon)
Missiles
 d - 9 poisoned darts
 e - 2 curare-tipped darts (quivered)
Armour
 b - a +1 robe (worn)
 c - a +0 cloak (worn)
 k - a scarf of harm
Jewellery
 h - a ring of willpower (left hand)
 s - a ring of ice (right hand)
Wands
 j - a wand of paralysis (6)
 n - a wand of flame (14)
 z - a wand of iceblast (21)
Scrolls
 g - 7 scrolls of teleportation
 p - 2 scrolls of noise
 t - a scroll of magic mapping
 u - a scroll of butterflies
 v - a scroll of vulnerability
 w - 2 scrolls of fog
 x - a scroll of immolation
 y - a scroll of identify
 A - a scroll of silence
Potions
 f - a potion of might {unknown}
 i - a potion of resistance {unknown}
 l - a potion of attraction
 m - a potion of mutation
 o - 2 potions of degeneration {unknown}
 q - a potion of flight {unknown}
 r - 3 potions of curing {unknown}


   Skills:
 * Level 4.7 Fighting
 * Level 4.3 Short Blades
 * Level 4.0 Throwing
 * Level 3.0 Armour
 * Level 4.1 Dodging
 * Level 12.2 Stealth
 * Level 3.1 Spellcasting
 * Level 1.5 Hexes
 * Level 3.5 Invocations
 * Level 3.5 Evocations


You had 11 spell levels left.
You knew the following spells:

 Your Spells              Type           Power      Damage    Failure   Level
a - Tukima's Dance        Hex            7%         N/A       30%         3

Your spell library contained the following spells:

 Spells                   Type           Power      Damage    Failure   Level
 Dazzling Flash           Conj/Hex       8%         N/A       38%         3
 Stone Arrow              Conj/Erth      4%         3d7       52%         3
 Cause Fear               Hex            3%         N/A       71%         4
 Animate Armour           Summ/Erth      4%         N/A       89%         4
 Passage of Golubria      Tloc           2%         N/A       89%         4
 Silence                  Hex/Air        2%         N/A       98%         5
 Yara's Violent Unravell  Hex/Tmut       2%         3d3       98%         5
 Agony                    Necr           2%         N/A       99%         5
 Dragon Form              Tmut           1%         N/A       100%        7
 Lehudib's Crystal Spear  Conj/Erth      1%         10d2      100%        8
 Chain Lightning          Conj/Air       1%         3d1       100%        9
 Dragon's Call            Summ           1%         N/A       100%        9
 Fire Storm               Conj/Fire      1%         7d1       100%        9
 Shatter                  Erth           1%         3d5*      100%        9


Dungeon Overview and Level Annotations

Branches:
Dungeon (8/15)             Temple (0/1) D:7
   Lair: D:8-11

Altars:
Cheibriados
Dithmenos
Kikubaaqudgha
Makhleb
Nemelex Xobeh
Okawaru
Vehumet
Zin


Innate Abilities, Weirdness & Mutations

Your serpentine skin is tough. (AC +3)
You have supernaturally acute eyesight. (SInv)
Armour fits poorly on your strangely shaped body.
Your system is resistant to poisons. (rPois)
You cover ground very slowly.
You can spit poison.
You have a snake-like lower body.
You occasionally shout uncontrollably at your foes.


Message History

You feel very sick. The killer bee stings you.
The killer bee closely misses you. The killer bee barely misses you.
You feel very sick. The killer bee stings you.
The killer bee barely misses you.
You closely miss the killer bee.
The killer bee is severely wounded.
You have got your breath back.
You feel sick. The killer bee stings you.
You hit the killer bee.
The killer bee looks even sicker.
The killer bee is severely wounded.
You feel sick. The killer bee barely misses you. The killer bee stings you.
The killer bee attacks as you move away!
The killer bee stings you but does no damage.
You feel sick.
You kill the killer bee!
The killer bee stings you.
You feel sick.
The killer bee stings you but does no damage.
The killer bee stings you.
* * * LOW HITPOINT WARNING * * *
The killer bee attacks as you move away!
The killer bee closely misses you.
You feel sick. The killer bee stings you.
* * * LOW HITPOINT WARNING * * *
It was a potion of mutation.
You feel extremely strange.
You feel the urge to shout.
You feel sick.
You are no longer poisoned.
The killer bee stings you.
* * * LOW HITPOINT WARNING * * *
The killer bee closely misses you.
Aiming: Spit Poison (1% risk of failure)
Press: ? - help, Shift-Dir - straight line, f - killer bee
Aim: a killer bee (34% to hit)
The splash of poison misses the killer bee.
The splash of poison hits the bullfrog.
The bullfrog is poisoned.
The bullfrog is lightly wounded.
The killer bee stings you!
You die...
Your body disappears without a glow.

# ##.########
#..†.yy...#
#..######.# #.
#y# # #F# #y#
####@# ..##.#
#.##.# #.##.#
#.##.#
#.####.##.#
#.........#
######.#######
#.....[...#


You could see a bullfrog (poisoned) and 2 killer bees.

Vanquished Creatures
  Prince Ribbit (D:6)
  A wyvern (D:8)
  3 yaks
  Menkaure (D:7)
  3 ice beasts
  2 ogres
  A phantom (D:7)
  4 bullfrogs
  3 scorpions
  4 killer bees (D:8)
  3 howler monkeys
  2 hounds
  2 jellies
  3 orc priests
  3 iguanas
  5 orc wizards
  3 sleepcaps (D:5)
  An adder (D:2)
  4 white imps
  An ufetubus (D:5)
  2 worms
  18 orcs
  5 ball pythons
  A bat (D:2)
  3 endoplasms
  4 giant cockroaches (D:1)
  3 goblins
  5 hobgoblins
  2 jackals (D:3)
  3 frilled lizards
  4 kobolds
  6 rats
106 creatures vanquished.

Vanquished Creatures (collateral kills)
  A black bear (D:6)
  An ogre (D:5)
  2 bullfrogs (D:6)
  A howler monkey (D:6)
  An orc priest (D:6)
  2 sleepcaps (D:5)
  An iguana (D:6)
  An adder (D:6)
  A dart slug (D:5)
  2 orcs (D:6)
13 creatures vanquished.

Vanquished Creatures (others)
  A human (D:7)
  A frilled lizard (D:3)
2 creatures vanquished.

Grand Total: 121 creatures vanquished

Notes
Turn   | Place    | Note
-------+----------+-------------------------------------------
     0 | D:1      | ChrisAssaf the Naga Brigand began the quest for the Orb.
     0 | D:1      | Reached XP level 1. HP: 19/19 MP: 1/1
    54 | D:1      | Reached skill level 6 in Stealth
   210 | D:1      | Reached XP level 2. HP: 26/26 MP: 2/2
   537 | D:2      | Identified the +4 pair of boots of Juh Utah {Contam Will+++
                  | Regen+ Stlth+}
   627 | D:2      | Reached XP level 3. HP: 32/32 MP: 3/3
   742 | D:3      | Reached skill level 1 in Dodging
   742 | D:3      | Reached skill level 7 in Stealth
   750 | D:3      | Reached XP level 4. HP: 19/40 MP: 4/4
   933 | D:3      | Found a sparkling altar of Nemelex Xobeh.
   936 | D:3      | Noticed a scorpion
   943 | D:3      | Killed a scorpion
   944 | D:3      | Reached XP level 5. HP: 41/46 MP: 4/6
   952 | D:3      | Became a worshipper of Nemelex Xobeh the Trickster
  1043 | D:3      | Found a faded altar of an unknown god.
  1048 | D:3      | Found a burning altar of Makhleb.
  1228 | D:3      | Found a radiant altar of Vehumet.
  1695 | D:2      | Reached * piety under Nemelex Xobeh
  1695 | D:2      | Received a gift from Nemelex Xobeh
  2437 | D:1      | Reached skill level 8 in Stealth
  3040 | D:4      | Noticed an ogre
  3044 | D:4      | Killed an ogre
  3045 | D:4      | Reached skill level 1 in Armour
  3045 | D:4      | Reached skill level 1 in Spellcasting
  3045 | D:4      | Reached XP level 6. HP: 55/55 MP: 7/7
  3087 | D:4      | Found an iron altar of Okawaru.
  3125 | D:5      | Entered Level 5 of the Dungeon
  3378 | D:5      | Reached skill level 9 in Stealth
  3396 | D:5      | Reached skill level 1 in Evocations
  3535 | D:5      | Found a shadowy altar of Dithmenos.
  3563 | D:5      | Reached skill level 1 in Invocations
  3610 | D:5      | Reached XP level 7. HP: 29/61 MP: 9/9
  4026 | D:6      | Found a snail-covered altar of Cheibriados.
  4031 | D:6      | Reached skill level 10 in Stealth
  4039 | D:6      | Reached XP level 8. HP: 69/69 MP: 10/10
  4146 | D:6      | Noticed Prince Ribbit
  4165 | D:6      | Killed Prince Ribbit
  4166 | D:6      | Reached skill level 11 in Stealth
  4419 | D:6      | Found a glowing silver altar of Zin.
  4460 | D:6      | Reached ** piety under Nemelex Xobeh
  4465 | D:6      | Reached XP level 9. HP: 70/78 MP: 12/12
  4816 | D:7      | Found an ancient bone altar of Kikubaaqudgha.
  4885 | D:7      | Learned a level 3 spell: Tukima's Dance
  4982 | D:7      | Found a staircase to the Ecumenical Temple.
  5003 | D:7      | Noticed Menkaure
  5027 | D:7      | Killed Menkaure
  5588 | D:8      | Reached skill level 1 in Hexes
  5605 | D:7      | Reached skill level 12 in Stealth
  5772 | D:7      | HP: 1/79 [yak (8)]
  6452 | D:8      | Gained mutation: You occasionally shout uncontrollably at
                  | your foes. [potion of mutation]
  6453 | D:8      | Slain by a killer bee

Illustrated notes

Levels and vault maps discovered:
D:1:      ncdulo_halloftheorcs, layout_loops_ring,
          chequers_serial_rivers_small_a, kennysheep_pointless_box
D:2:      kennysheep_big_flooded_room, layout_loops_cross
D:3:      layout_loops_ring, mainiacjoe_overflow_concentric_impassable,
          fiery_altar_vehumet, nemelex_xobeh_ov_fountains_minmay,
          shapermc_ecumenical_altar_venn, hangedman_decor_diamond_cutter
D:4:      layout_basic, lemuel_doored_altar, nicolae_uskayaw_suspiria
D:5:      layout_gridville, overflow_temple_1_default, hellmonk_no_cap
D:6:      layout_rooms, zin_treasury, nicolae_overflow_crystal_walls,
          st_stairs_5, grunt_ministairs_9, uniq_prince_ribbit1
D:7:      layout_rooms, tgw_kikubaaqudgha, minmay_temple_entry_glassed_door,
          uniq_menkaure
D:8:      layout_loops_ring, marbit_many_paths, nicolae_hepliaklqana_hazy_memory

Skill      XL: |  1  2  3  4  5  6  7  8  9 |
---------------+----------------------------+-----
Stealth        | 6 7 8 9 10 11 12 | 12.2
Throwing       | 2 3 4 |  4.0
Dodging        | 1 2 3 4 |  4.1
Armour         | 1 2 3 |  3.0
Spellcasting   | 1 2 3 |  3.1
Evocations     | 1 2 3 |  3.5
Invocations    | 1 2 3 |  3.5
Fighting       | 3 4 |  4.7
Short Blades   | 3 4 |  4.3
Hexes          | 1 |  1.5

Action                     |  1- 3 |  4- 6 |  7- 9 || total
---------------------------+-------+-------+-------++-------
  Melee: Dagger            |    42 |    69 |   124 ||   235
         Punch             |       |     1 |     1 ||     2
  Throw: Dart              |     2 |     3 |     3 ||     8
 Invoke: Draw Destruction  |       |     1 |     3 ||     4
         Draw Summoning    |       |       |     3 ||     3
         Draw Escape       |       |       |     1 ||     1
Ability: Spit Poison       |    11 |    18 |    27 ||    56
  Evoke: Wand              |       |     6 |    21 ||    27
    Use: Scroll            |     3 |     6 |     9 ||    18
         Potion            |     3 |     1 |     3 ||     7
   Stab: Sleeping          |     5 |    19 |     8 ||    32
         Distracted        |       |       |     1 ||     1
         Paralysed         |       |       |     3 ||     3
 Armour: Robe              |    10 |    16 |    54 ||    80
         Skin              |     1 |       |       ||     1
  Dodge: Dodged            |    27 |    40 |   116 ||   183
